Map: [ESL] Data-C

Players

Lambo - Winner!

  • Race: Zerg Zerg
  • Spawn Location: 9:00

BattleB

  • Race: Terran Terran
  • Spawn Location: 3:00

Event: DreamHack SC2 Masters 2022 Atlanta (Online)

VOD

Have the link to the VOD?

Description

Time

  • Played on: Oct. 5, 2022, 1:39 p.m.
  • Length: 10:16

All games in this series

Show
View Real Time Build Order
Export as new Build Order

Lambo Zerg - Winner!

Build Orders: Hatch First 

Get SALT Encoding   

  12  0:00  Drone  
  13  0:12  Overlord  
  13  0:16  Drone  
  14  0:31  Drone x2  
  16  0:47  Hatchery  
  15  0:51  Drone  
  15  0:54  Drone  
  17  0:58  Drone  
  18  1:08  Extractor  
  17  1:13  Spawning Pool  
  17  1:15  Drone  
  17  1:20  Drone  
  18  1:29  Drone  
  19  1:38  Drone  
  20  1:49  Drone  
  21  1:59  Queen x2  
  21  2:00  Zergling x4  
  27  2:10  Drone  
  27  2:15  Overlord  
  28  2:21  Hatchery  
  27  2:24  Drone  
  28  2:35  Drone x3  
  30  2:39  Queen  
  30  2:44  Overlord  
  32  2:49  Drone  
  33  2:51  Metabolic Boost  
  33  2:55  Drone  
  33  2:56  Drone  
  35  3:03  Queen  
  37  3:09  Drone x3  
  42  3:12  Drone x2  
  42  3:15  Drone  
  42  3:19  Overlord  
  43  3:26  Overlord  
  43  3:32  Queen  
  45  3:34  Queen  
  45  3:36  Drone  
  45  3:39  Drone x2  
  50  3:42  Drone x2  
  50  3:45  Overlord  
  53  3:48  Drone  
  53  3:50  Drone x2  
  53  3:54  Zergling x4  
  57  4:00  Overlord  
  57  4:02  Drone x2  
  59  4:05  Overlord  
  59  4:06  Drone x2  
  61  4:11  Queen  
  63  4:17  Zergling x4  
  63  4:18  Drone x2  
  63  4:19  Drone  
  63  4:20  Overlord  
  68  4:27  Drone x2  
  70  4:32  Zergling x2  
  70  4:33  Lair  
  70  4:36  Baneling Nest  
  70  4:37  Spore Crawler  
  69  4:38  Spore Crawler  
  69  4:39  Zergling x4, Extractor  
  69  4:40  Queen  
  71  4:46  Drone x3  
  71  4:47  Drone x2  
  71  4:49  Drone x2  
  71  4:51  Overlord  
  78  4:54  Drone x2  
  78  4:57  Drone x2  
  78  4:59  Drone, Extractor  
  82  5:03  Drone, Evolution Chamber  
  82  5:07  Overlord  
  82  5:10  Queen  
  82  5:12  Drone  
  85  5:15  Drone x3  
  85  5:17  Extractor, Evolution Chamber  
  88  5:24  Drone x2, Hatchery  
  88  5:25  Drone  
  88  5:27  Zergling x4  
  90  5:33  Zergling x8  
  94  5:36  Centrifugal Hooks  
  94  5:41  Zerg Ground Armor Level 1  
  94  5:42  Overlord  
  94  5:44  Zergling x6  
  97  5:53  Zerg Melee Weapons Level 1  
  97  5:55  Zergling x16  
  105  5:57  Overlord  
  105  6:01  Overlord  
  105  6:02  Overlord  
  105  6:05  Overlord  
  105  6:06  Zergling x4  
  105  6:10  Baneling x4  
  105  6:11  Baneling x2  
  107  6:15  Zergling x6  
  107  6:16  Baneling x6  
  110  6:23  Drone  
  110  6:24  Drone x2  
  113  6:30  Zergling x2  
  113  6:31  Zergling x10  
  118  6:44  Zergling x14  
  123  6:56  Zergling x8  
  120  7:03  Drone x5  
  120  7:05  Drone  
  122  7:11  Drone x6, Hatchery  
  121  7:16  Drone x3  
  121  7:17  Drone  
  121  7:19  Hatchery  
  121  7:21  Zergling x4  
  121  7:26  Zergling x2  
  121  7:29  Zergling x2  
  123  7:31  Zergling x2  
  123  7:34  Baneling x6  
  123  7:36  Queen  
  125  7:37  Zerg Ground Armor Level 2  
  125  7:38  Zergling x4  
  125  7:41  Zergling x4  
  129  7:46  Zergling x4  
  129  7:47  Baneling x4  
  129  7:48  Zerg Melee Weapons Level 2  
  131  7:51  Zergling x14  
  131  7:56  Zergling x12  
  131  7:58  Baneling x10  
  141  8:05  Baneling x6  
  138  8:10  Zergling x12  
  131  8:19  Zergling x14  
  136  8:22  Queen x2, Overlord  
  136  8:23  Overlord x2  
  136  8:24  Overlord  
  136  8:27  Overlord  
  140  8:30  Queen  
  140  8:33  Overlord  
  141  8:34  Baneling x10  
  141  8:40  Zergling x2, Hatchery, Overlord  
  141  8:42  Overlord  
  141  8:47  Drone x2  
  143  8:52  Drone x2  
  145  8:57  Zergling x2  
  145  8:58  Zergling x18, Hatchery  
  145  8:59  Infestation Pit  
  153  9:03  Zergling x10  
  153  9:04  Baneling x4  
  154  9:10  Zergling x14  
  154  9:15  Zergling x12  
  165  9:17  Zergling x2  
  165  9:18  Zergling x2  
  167  9:24  Zergling x12  
  167  9:28  Zergling x2  
  167  9:29  Zergling x4  
  176  9:32  Zergling x2  
  176  9:36  Zergling x2  
  176  9:37  Zergling x6  
  181  9:42  Zergling x8  
  181  9:43  Baneling x6  
  185  9:46  Zergling x8  
  185  9:49  Zergling x4  
  182  9:54  Zergling x4  
  182  9:56  Zergling x2  
Show
View Real Time Build Order
Export as new Build Order

BattleB Terran 

Build Orders: Hellion Opening, Reaper Expand 

Get SALT Encoding   

  12  0:00  SCV  
  13  0:12  SCV  
  14  0:16  Supply Depot  
  14  0:24  SCV  
  15  0:38  SCV  
  15  0:39  Barracks  
  16  0:43  Refinery  
  16  0:50  SCV  
  17  1:02  SCV  
  18  1:14  SCV  
  19  1:26  Orbital Command  
  19  1:27  Reaper  
  20  1:39  Command Center  
  20  1:47  Supply Depot  
  20  1:52  SCV  
  21  1:58  Marine  
  22  2:05  SCV  
  22  2:08  Factory  
  23  2:17  SCV, Refinery  
  23  2:20  Barracks Reactor  
  24  2:29  SCV  
  25  2:41  SCV  
  26  2:53  SCV, Starport  
  26  2:54  Orbital Command  
  27  3:00  Hellion x2  
  27  3:03  Barracks Tech Lab  
  27  3:05  SCV  
  32  3:17  SCV  
  33  3:20  SCV  
  33  3:21  Hellion x2  
  38  3:29  Supply Depot, SCV  
  38  3:32  SCV  
  40  3:35  Raven  
  42  3:43  SCV  
  42  3:44  SCV  
  42  3:45  Hellion  
  46  3:51  Hellion  
  46  3:53  Supply Depot  
  48  3:56  SCV  
  48  3:57  SCV  
  50  4:09  SCV, Command Center  
  51  4:12  SCV  
  51  4:15  Barracks Tech Lab  
  52  4:20  Supply Depot  
  52  4:25  SCV  
  52  4:26  SCV, Factory Reactor  
  52  4:27  Barracks  
  52  4:30  Barracks, Starport Reactor  
  54  4:32  Stimpack, Marine  
  55  4:39  SCV x2  
  55  4:40  Engineering Bay  
  55  4:45  Engineering Bay  
  57  4:50  Marine  
  57  4:51  SCV  
  57  4:52  SCV  
  60  4:54  Supply Depot  
  60  4:58  Refinery  
  60  5:04  SCV x2  
  62  5:08  Marine  
  63  5:14  Marine x2  
  63  5:15  Factory Tech Lab, Medivac  
  63  5:16  SCV, Barracks  
  63  5:18  Barracks  
  63  5:20  SCV  
  69  5:25  Medivac  
  69  5:26  Marine  
  69  5:28  Barracks Reactor  
  72  5:30  Terran Infantry Weapons Level 1  
  72  5:32  SCV  
  72  5:33  Terran Infantry Armor Level 1  
  72  5:34  SCV  
  72  5:35  Supply Depot  
  74  5:38  Refinery, Marine  
  74  5:39  Marine  
  76  5:47  SCV x2, Marine  
  79  5:50  Supply Depot, Orbital Command  
  79  5:56  Marine  
  80  5:57  Marine  
  80  5:59  SCV, Siege Tank  
  80  6:02  SCV  
  80  6:03  Marine  
  80  6:04  Marine x2  
  88  6:10  Marine x2  
  88  6:11  SCV  
  92  6:14  Barracks Reactor, SCV  
  92  6:17  SCV  
  94  6:20  Supply Depot  
  94  6:21  Combat Shield  
  94  6:23  SCV  
  95  6:27  SCV, Marine x2  
  95  6:28  Marine x3  
  95  6:30  SCV  
  95  6:31  Marine  
  95  6:32  Marine  
  104  6:34  Supply Depot  
  104  6:35  Supply Depot  
  104  6:39  SCV  
  105  6:40  SCV, Armory  
  105  6:44  SCV  
  105  6:45  Marine  
  108  6:47  Siege Tank  
  108  6:51  Marine x4  
  108  6:53  Marine  
  109  6:54  Marine  
  109  6:55  SCV, Marine  
  109  6:56  SCV  
  109  7:00  SCV, Orbital Command  
  107  7:02  Supply Depot  
  107  7:05  Marine x2  
  109  7:09  Marine x2  
  109  7:10  Marine x2  
  109  7:13  Medivac  
  115  7:16  Marine x2  
  115  7:17  Refinery  
  115  7:21  Marine  
  117  7:22  Marine  
  118  7:30  Marine x2  
  118  7:34  Terran Infantry Armor Level 2, Terran Infantry Weapons Level 2  
  120  7:39  Siege Tank, Marine  
  120  7:40  Marine x5  
  129  7:44  Bunker  
  129  7:46  Refinery, Marine  
  129  7:47  Marine  
  129  7:50  Marine  
  132  7:57  Marine x2  
  132  7:58  SCV x2, Marine x4  
  134  8:00  SCV  
  134  8:04  Marine  
  134  8:05  Marine  
  112  8:08  Marine  
  112  8:10  SCV  
  105  8:15  Marine x3  
  105  8:16  Marine  
  108  8:20  Marine x2  
  108  8:22  Marine  
  108  8:25  Marine  
  112  8:28  Marine  
  112  8:33  Marine x2  
  115  8:36  Medivac x2  
  115  8:38  Marine  
  120  8:43  Supply Depot  
  120  8:48  Widow Mine, Marine x2  
  124  8:56  Supply Depot  
  124  8:58  Marine  
  124  8:59  Supply Depot  
  125  9:04  Marine x4  
  125  9:05  Marine x2  
  125  9:08  Marine x2  
  132  9:16  Marine  
  133  9:21  SCV x2  
  133  9:22  SCV, Marine x4  
  133  9:23  Marine x2  
  142  9:25  Marine  
  142  9:26  Marine  
  81  9:31  Medivac x2  
  144  9:33  SCV  
  144  9:38  Supply Depot  
  149  9:47  SCV x2  
  149  9:52  Marine x3  
  149  9:54  Marine  
  149  9:56  Marine x2  
  149  9:57  Marine  
  149  9:59  Supply Depot  
  150  10:01  Supply Depot  
Tags
 
Add a new tag
Caveats
  • Supply blocks, unpowered buildings, or Contaminate may cause inaccurate times.
  • Supply counts are checked every 10 seconds.